 Dungeon Crawl Stone Soup version 0.21.1-1-g345015fe64 (webtiles) character file.

365 Gargoyl the Skirmisher (level 6, -3/52 HPs)
             Began as a Centaur Abyssal Knight on Apr 27, 2018.
             Was a Believer of Lugonu.
             Slain by a river rat (4 damage)
             ... in a sewer.
             The game lasted 00:05:15 (2850 turns).

Gargoyl the Skirmisher (Centaur Abyssal Knight)     Turns: 2850, Time: 00:05:17

Health: -3/52      AC:  8    Str: 15    XL:     6   Next: 40%
Magic:  8/8        EV:  4    Int: 11    God:    Lugonu [**....]
Gold:   154        SH:  0    Dex: 10    Spells: 5/5 levels left

rFire    . . .     SeeInvis +   a - +2 hand axe
rCold    . . .     Gourm    .   (no shield)
rNeg     . . .     Faith    .   o - +0 chain mail
rPois    .         Spirit   .   (no helmet)
rElec    .         Reflect  .   (no cloak)
rCorr    +         Harm     .   (no gloves)
MR       +....                  (no barding)
Stlth    ..........             (no amulet)
HPRegen  0.17/turn              d - ring "Maujoec" {rCorr SInv}
MPRegen  0.11/turn              f - ring of protection from magic

@: very quick
A: large, hooves 3, deformed body, speed 2, tough skin 3
a: Depart the Abyss, Bend Space, Renounce Religion


You were in a sewer.
You worshipped Lugonu.
Lugonu was pleased with you.
You were very hungry.

You visited 1 branch of the dungeon, and saw 3 of its levels.
You visited the Abyss 1 time.
You also visited: Sewer.

You collected 154 gold pieces.

Inventory:

Hand Weapons
 a - a +2 hand axe (weapon)
Armour
 o - a +0 chain mail (worn)
Jewellery
 d - the ring "Maujoec" (left hand) {rCorr SInv}
   (You found it on level 2 of the Abyss)

   [ring of resist corrosion]

   It lets you see invisible.
 f - a ring of protection from magic (right hand)
Scrolls
 b - a scroll of magic mapping
 e - 5 scrolls of identify
 k - a scroll of teleportation
 l - a scroll of blinking {unknown}
Potions
 g - 2 potions of heal wounds
 h - a potion of invisibility {unknown}
 i - a potion of curing {unknown}
 j - a potion of brilliance {unknown}
 m - a potion of agility {unknown}
 n - a potion of haste {unknown}
 p - a potion of flight {unknown}
Comestibles
 c - 7 rations


   Skills:
 + Level 4.1 Fighting
 + Level 3.3 Axes
 * Level 3.2 Armour
 + Level 1.1 Dodging
 * Level 3.5 Invocations


You had 5 spell levels left.
You didn't know any spells.

Dungeon Overview and Level Annotations

Branches:
Dungeon (3/15)

Altars:
Sif Muna
Vehumet


Innate Abilities, Weirdness & Mutations

You have hooves in place of feet.
Armour fits poorly on your strangely shaped body.
You cover ground very quickly.
You have extremely tough skin. (AC +3)


Message History

The river rat bites you!
* * * LOW HITPOINT WARNING * * *
The river rat bites you.
* * * LOW HITPOINT WARNING * * *
You barely miss the rat. You kick the rat, but do no damage.
The rat is severely wounded.
You hit the river rat but do no damage. You hit the river rat.
The rat bites you but does no damage. The river rat bites you.
* * * LOW HITPOINT WARNING * * *
The river rat bites you.
* * * LOW HITPOINT WARNING * * *
Unknown command.
Unknown command.
You hit the rat.
You kill the rat!
Lugonu accepts your kill.
You hit the river rat but do no damage. You closely miss the river rat.
The river rat bites you but does no damage.
The river rat bites you.
You die...

###### #### ###
#.....### ##..### ##..
.......####.....###...
#..................
##.r†....##........
#.@r.....####.÷....
..............÷##.....≈#
#...≈≈.......÷÷..÷÷≈.≈≈≈
≈≈≈≈≈≈.≈..≈.≈.÷≈.≈≈≈≈≈≈≈
≈≈≈≈≈≈≈≈≈≈≈≈≈≈÷≈≈≈≈≈≈≈≈≈
≈≈≈≈≈≈≈≈≈≈≈≈≈÷≈÷≈≈≈≈≈≈≈≈
≈≈≈≈≈≈≈≈≈≈..≈≈≈≈≈≈≈≈≈≈≈≈
≈≈≈≈≈≈≈≈......≈.≈≈≈≈≈≈≈≈
..≈.≈≈.........≈≈..≈≈≈


You could see 2 river rats.

Vanquished Creatures
  3 big kobolds (Sewer)
  5 adders
  3 river rats (Sewer)
  2 worms (D:2)
  5 dart slugs
  3 leopard geckos
  4 ball pythons
  3 bats
  3 giant cockroaches
  2 goblins
  5 hobgoblins
  10 kobolds
  2 quokkas (D:3)
  3 frilled lizards
  24 rats
77 creatures vanquished.

Vanquished Creatures (others)
  A frilled lizard (D:2)
1 creature vanquished.

Grand Total: 78 creatures vanquished

Notes
Turn   | Place    | Note
-------+----------+-------------------------------------------
     0 | Abyss:1  | Gargoyl the Centaur Abyssal Knight began the quest for the Orb.
     0 | Abyss:1  | Reached XP level 1. HP: 19/19 MP: 2/2
    40 | Abyss:1  | Found a corrupted altar of Lugonu.
    47 | Abyss:1  | Found a corrupted altar of Lugonu.
   112 | Abyss:2  | Found a corrupted altar of Lugonu.
   119 | Abyss:2  | Got a clouded iron ring
   120 | Abyss:2  | Identified the ring "Maujoec" {rCorr SInv} (You found it on level 2 of the Abyss)
   190 | Abyss:2  | Noticed a small abomination
   231 | Abyss:2  | Noticed a hungry ghost
   234 | Abyss:2  | Noticed a large abomination
   241 | Abyss:2  | Noticed a thrashing horror
   242 | Abyss:2  | Noticed a freezing wraith
   243 | D:1      | Escaped the Abyss
   441 | D:1      | Reached XP level 2. HP: 26/26 MP: 3/3
   535 | D:1      | Reached * piety under Lugonu
   852 | D:1      | You fall through a shaft!
   870 | D:2      | Reached XP level 3. HP: 25/31 MP: 4/4
  1153 | D:2      | Reached XP level 4. HP: 15/40 MP: 5/5
  1476 | D:2      | Found a radiant altar of Vehumet.
  1608 | D:2      | Found a deep blue altar of Sif Muna.
  1677 | D:3      | Reached skill level 1 in Dodging
  1985 | D:3      | Found a glowing drain.
  1993 | Sewer    | Entered a sewer
  2210 | Sewer    | Noticed a big kobold
  2230 | Sewer    | Killed a big kobold
  2230 | Sewer    | Reached XP level 5. HP: 18/46 MP: 7/7
  2459 | Sewer    | Reached ** piety under Lugonu
  2596 | Sewer    | HP: 3/69 [poisoned by a kobold]
  2599 | Sewer    | Reached skill level 4 in Fighting
  2599 | Sewer    | Reached XP level 6. HP: 32/52 MP: 8/8
  2849 | Sewer    | HP: 1/52 [river rat (4)]
  2850 | Sewer    | Slain by a river rat

Skill      XL: |  1  2  3  4  5  6 |
---------------+-------------------+-----
Axes           | 2 3 |  3.3
Armour         | 2 3 |  3.2
Dodging        | 1 |  1.1
Invocations    | 3 |  3.5
Fighting       | 4 |  4.1

Action                   |  1- 3 |  4- 6 || total
-------------------------+-------+-------++-------
Melee: Hand axe          |    89 |   119 ||   208
       Kick              |    13 |    22 ||    35
Invok: Depart the Abyss  |     1 |       ||     1
  Use: Scroll            |     2 |     5 ||     7
       Potion            |       |     2 ||     2
  Eat: Chunk             |       |     4 ||     4
Armor: Leather armour    |     5 |       ||     5
       Ring mail         |    26 |       ||    26
       Chain mail        |    32 |   119 ||   151
       Skin              |       |     8 ||     8
Dodge: Dodged            |    37 |    28 ||    65
